Map: Galactic Process LE

Players

MultiDream - Winner!

  • Race: Terran Terran
  • League: Gold
  • Spawn Location: 1:00

Fropez

  • Race: Protoss Protoss
  • League: Gold
  • Spawn Location: 7:00

VOD

Have the link to the VOD?

Description

Time

  • Played on: Sept. 26, 2016, 11:23 a.m.
  • Length: 22:28
Show
View Real Time Build Order
Export as new Build Order

MultiDream Terran - Winner!

Build Orders:  

Get SALT Encoding   

  12  0:01  SCV  
  13  0:13  SCV  
  14  0:18  Supply Depot  
  14  0:25  SCV  
  15  0:39  SCV  
  15  0:41  Barracks  
  16  0:52  Barracks  
  16  0:56  SCV  
  17  1:08  SCV  
  18  1:12  Supply Depot  
  18  1:16  Refinery  
  18  1:20  SCV  
  19  1:32  SCV  
  20  1:34  Marine  
  20  1:39  Marine  
  22  1:43  Refinery  
  22  1:44  SCV  
  23  2:05  Barracks Tech Lab  
  23  2:12  Orbital Command  
  23  2:26  Command Center  
  23  2:47  SCV  
  24  2:52  Barracks Reactor  
  24  2:53  Engineering Bay  
  24  2:56  Marauder  
  24  2:57  Concussive Shells  
  25  3:23  Barracks  
  25  3:27  Bunker  
  25  3:34  Reaper x3  
  28  3:40  Factory  
  28  3:41  Missile Turret  
  26  3:48  Orbital Command  
  26  3:54  Terran Infantry Weapons Level 1  
  26  3:58  SCV  
  27  4:11  SCV  
  27  4:12  Reaper x2  
  27  4:13  Reaper  
  31  4:17  SCV  
  31  4:23  SCV, Refinery  
  33  4:25  Factory Reactor  
  31  4:35  SCV  
  32  4:40  SCV  
  32  4:44  Marine x3  
  36  4:47  SCV  
  37  4:59  SCV x2  
  39  5:05  Widow Mine x2  
  43  5:11  SCV x2  
  43  5:12  Missile Turret  
  41  5:28  Reaper x3  
  42  6:00  Reaper x3  
  44  6:12  Widow Mine  
  46  6:20  Supply Depot  
  46  6:22  Terran Infantry Armor Level 1  
  46  6:23  Supply Depot  
  46  6:24  Supply Depot  
  46  6:25  Supply Depot  
  46  6:29  Factory  
  46  6:31  Armory  
  46  6:41  Widow Mine, Reaper x2  
  50  6:47  Reaper  
  50  6:49  SCV  
  50  6:52  Refinery  
  52  6:55  SCV  
  52  7:00  Widow Mine  
  55  7:01  SCV  
  55  7:07  SCV  
  57  7:09  Widow Mine  
  57  7:14  Reaper x2  
  60  7:49  Widow Mine  
  60  7:50  Widow Mine  
  64  7:51  Factory Reactor  
  64  8:05  Barracks  
  64  8:07  SCV, Supply Depot  
  64  8:08  SCV  
  64  8:09  Supply Depot  
  66  8:12  Barracks  
  66  8:19  SCV  
  66  8:56  Factory x2  
  66  8:58  Factory  
  66  9:03  Factory  
  66  9:40  Hellion x4  
  66  9:41  Command Center  
  66  9:43  Factory Reactor x2  
  66  9:44  Factory Reactor  
  74  9:46  Factory Reactor  
  74  9:48  Supply Depot  
  74  9:50  Supply Depot  
  74  9:54  Reaper x3  
  77  10:11  Command Center  
  77  10:13  Supply Depot  
  77  10:22  Hellion  
  77  10:23  Hellion x11  
  101  10:37  SCV  
  102  10:45  SCV  
  102  10:49  SCV  
  104  10:51  Hellion  
  104  10:52  Hellion x2  
  104  10:53  Hellion  
  112  10:58  SCV  
  113  11:12  Hellion x2  
  115  11:30  Hi-Sec Auto Tracking  
  106  12:12  Hellion  
  106  12:13  Hellion x11  
  106  12:14  Reaper  
  132  12:26  Reaper  
  114  12:34  Hellion  
  87  13:03  Planetary Fortress  
  80  13:34  Hellion  
  80  13:35  Hellion x11  
  94  13:56  Hellion x3  
  69  14:40  Reaper x2  
  71  14:55  SCV  
  72  15:01  SCV  
  72  15:07  SCV  
  74  15:12  Reaper  
  74  15:13  SCV, Reaper  
  77  15:19  SCV  
  78  15:25  SCV  
  79  15:29  Building Armor  
  79  15:31  SCV  
  80  15:44  SCV, Reaper  
  80  15:45  Reaper  
  83  15:56  SCV  
  84  16:10  SCV  
  85  16:16  Reaper  
  85  16:17  Reaper  
  87  16:21  Command Center  
  87  16:22  SCV  
  88  16:35  Command Center  
  88  16:38  Widow Mine x6  
  88  16:39  Widow Mine x5  
  106  16:40  Widow Mine  
  106  16:46  SCV  
  110  17:46  Marine x2  
  110  17:54  Starport  
  110  18:04  Marine x2  
  108  18:57  Reaper x2  
  102  19:29  Reaper x2  
  95  20:01  Reaper x2  
  82  20:20  Hellion x5  
  82  20:21  Hellion  
  78  20:22  Hellion  
  57  21:44  Supply Depot  
  57  21:46  Supply Depot x3  
Show
View Real Time Build Order
Export as new Build Order

Fropez Protoss 

Build Orders: Oracle Opening 

Get SALT Encoding   

  12  0:02  Probe (Chrono Boost)  
  13  0:17  Pylon  
  13  0:19  Probe (Chrono Boost)  
  14  0:29  Probe (Chrono Boost)  
  14  0:32  Assimilator  
  15  0:42  Probe (Chrono Boost)  
  16  0:50  Gateway  
  16  0:54  Assimilator  
  16  0:56  Probe (Chrono Boost)  
  17  1:08  Probe (Chrono Boost)  
  17  1:09  Pylon  
  19  1:18  Probe (Chrono Boost)  
  19  1:26  Pylon  
  19  1:29  Probe (Chrono Boost)  
  20  1:39  Probe (Chrono Boost)  
  21  1:50  Probe (Chrono Boost)  
  22  1:54  Cybernetics Core  
  22  2:00  Probe (Chrono Boost)  
  23  2:11  Pylon  
  23  2:12  Probe (Chrono Boost)  
  25  2:22  Probe (Chrono Boost)  
  25  2:32  Stargate  
  25  2:33  Probe (Chrono Boost)  
  26  2:43  Probe, Warp Gate (Chrono Boost)  
  27  2:56  Mothership Core  
  29  3:12  Adept  
  31  3:17  Probe  
  32  3:25  Oracle (Chrono Boost)  
  35  3:29  Probe  
  36  3:36  Pylon  
  37  3:41  Probe  
  37  3:52  Gateway  
  37  3:53  Probe  
  37  3:54  Gateway  
  38  4:05  Probe  
  38  4:15  Nexus  
  41  4:17  Probe, Oracle (Chrono Boost)  
  42  4:29  Probe  
  40  4:41  Probe  
  41  4:54  Probe  
  41  4:55  Twilight Council  
  41  4:58  Pylon  
  40  5:01  Pylon  
  40  5:06  Probe  
  41  5:18  Probe  
  42  5:30  Probe  
  42  5:31  Gateway  
  42  5:34  Gateway  
  42  5:35  Probe  
  42  5:36  Gateway  
  42  5:39  Pylon  
  39  5:44  Adept x2  
  39  5:45  Adept  
  39  6:02  Probe x2  
  41  6:08  Assimilator  
  41  6:10  Assimilator  
  41  6:15  Probe  
  42  6:28  Adept x3  
  42  6:31  Probe  
  49  6:39  Probe  
  48  6:49  Probe  
  48  6:50  Forge  
  48  6:51  Probe  
  50  6:55  Forge  
  50  7:19  Probe  
  50  7:21  Resonating Glaives (Chrono Boost)  
  48  7:24  Adept  
  48  7:25  Adept x4  
  55  7:40  Probe  
  55  7:42  Probe  
  57  8:06  Pylon, Nexus  
  57  8:08  Pylon  
  57  8:09  Pylon  
  57  8:13  Pylon, Probe  
  58  8:20  Probe  
  58  8:26  Oracle  
  62  8:31  Probe  
  63  8:42  Adept x6  
  73  8:58  Assimilator, Protoss Ground Weapons Level 1 (Chrono Boost), Protoss Ground Armor Level 1 (Chrono Boost)  
  73  9:03  Assimilator  
  73  9:04  Blink  
  73  9:06  Probe x2  
  75  9:18  Probe  
  76  9:24  Probe  
  76  9:28  Probe  
  78  9:31  Adept x4  
  78  9:32  Adept  
  78  9:38  Probe  
  88  9:39  Probe  
  90  9:45  Gateway  
  90  9:46  Gateway  
  90  9:50  Probe  
  91  9:54  Probe  
  91  9:57  Gateway  
  90  10:21  Adept  
  90  10:22  Adept x4  
  90  10:23  Adept  
  102  10:29  Probe  
  102  10:30  Probe x2  
  105  10:39  Probe  
  105  10:40  Protoss Ground Weapons Level 2 (Chrono Boost)  
  105  10:42  Protoss Ground Armor Level 2 (Chrono Boost)  
  106  10:45  Pylon  
  106  10:48  Pylon, Probe  
  107  10:51  Probe  
  107  10:55  Pylon  
  108  10:59  Pylon, Probe  
  108  11:02  Adept x2  
  108  11:03  Adept x4  
  121  11:11  Pylon  
  121  11:39  Probe  
  122  11:41  Adept x3  
  122  11:42  Adept x5  
  128  11:59  Pylon  
  126  12:02  Pylon  
  126  12:04  Pylon  
  126  12:05  Pylon  
  126  12:06  Pylon  
  120  12:23  Pylon  
  120  12:27  Pylon  
  116  12:32  Adept x5  
  95  13:11  Probe  
  80  13:21  Gateway  
  80  13:22  Probe  
  80  13:24  Probe, Fleet Beacon  
  80  13:27  Stargate x2  
  80  13:33  Probe  
  80  13:36  Probe  
  82  13:46  Adept x5  
  56  14:15  Adept x2  
  56  14:16  Adept x3  
  56  14:17  Protoss Ground Weapons Level 3 (Chrono Boost)  
  60  14:22  Protoss Ground Armor Level 3 (Chrono Boost)  
  60  14:34  Probe  
  60  14:35  Probe  
  62  14:45  Tempest (Chrono Boost)  
  66  14:46  Probe  
  67  14:53  Probe  
  68  15:05  Probe x2  
  70  15:26  Tempest  
  74  15:32  Nexus  
  74  15:33  Probe  
  75  15:54  Probe x2  
  76  16:01  Adept x6  
  88  16:23  Probe  
  89  16:31  Nexus  
  89  16:32  Probe  
  90  16:35  Protoss Shields Level 1 (Chrono Boost)  
  90  16:46  Tempest (Chrono Boost)  
  94  17:00  Probe  
  94  17:01  Probe  
  96  17:07  Pylon  
  96  17:09  Pylon  
  96  17:12  Probe  
  97  17:25  Tempest (Chrono Boost)  
  99  18:02  Tempest (Chrono Boost)  
  103  18:10  Adept x2  
  103  18:11  Adept x6  
  103  18:12  Probe  
  120  18:13  Probe  
  121  18:33  Adept x3, Robotics Facility  
  123  18:35  Adept x2  
  123  18:36  Adept x3  
  123  18:37  Adept  
  135  18:43  Probe  
  135  18:44  Probe  
  123  19:15  Adept x3  
  123  19:16  Adept  
  129  19:27  Probe x2  
  130  19:35  Probe  
  131  19:39  Probe  
  110  20:38  Probe x2  
  108  20:58  Adept x6  
  120  21:08  Probe  
  120  21:11  Probe  
  121  21:12  Probe  
  121  21:16  Pylon  
  118  21:18  Pylon  
  118  21:20  Probe  
  118  21:23  Probe  
  118  21:25  Probe  
  103  21:28  Adept x2  
  103  21:29  Adept x4  
  115  21:35  Probe  
  115  21:38  Probe  
  115  21:39  Probe  
  118  21:45  Robotics Facility  
  119  21:47  Probe  
  119  21:48  Probe  
  119  21:53  Adept x3  
  126  21:56  Adept  
Tags
 
Add a new tag
Caveats
  • Supply blocks, unpowered buildings, or Contaminate may cause inaccurate times.
  • Supply counts are checked every 10 seconds.